 Dungeon Crawl Stone Soup version 0.19.1-1-g22dce08 (webtiles) character file.

1891 Macro the Slicer (level 9, -1/61 HPs)
             Began as a Halfling Wanderer on Jan 18, 2017.
             Was a Believer of Nemelex Xobeh.
             Slain by Grinder (5 damage)
             ... on level 6 of the Dungeon on Jan 19, 2017.
             The game lasted 01:00:10 (5042 turns).

Macro the Slicer (Halfling Wanderer)                Turns: 5042, Time: 01:00:11

Health: -1/61      AC: 17    Str: 15      XL:     9   Next: 37%
Magic:  10/10      EV:  7    Int:  9 (10) God:    Nemelex Xobeh [**....]
Gold:   389        SH:  0    Dex: 15      Spells: 0 memorised, 8 levels left

rFire  . . .     SeeInvis +     n - +2 dagger (drain)
rCold  . . .     Gourm    .     j - +1 plate armour
rNeg   . . .     Faith    .     (shield restricted)
rPois  .         Spirit   .     (no helmet)
rElec  .         Reflect  .     m - +0 cloak
rCorr  +         Harm     .     (no gloves)
MR     .....                    c - +0 pair of boots
Stlth  ..........               w - amulet of rage
                                t - ring of resist corrosion
                                f - ring of see invisible

@: no status effects
A: mutation resistance 1
a: Renounce Religion, Evoke Berserk Rage


You were on level 6 of the Dungeon.
You worshipped Nemelex Xobeh.
Nemelex Xobeh was pleased with you.
You were very hungry.

You visited 2 branches of the dungeon, and saw 7 of its levels.
You also visited: Ossuary.

You collected 389 gold pieces.

Inventory:

Hand Weapons
 n - a +2 dagger of draining (weapon)
Missiles
 h - 7 javelins of penetration
Armour
 c - a +0 pair of boots (worn)
 j - a +1 plate armour (worn)
 m - a +0 cloak (worn)
Jewellery
 f - a ring of see invisible (left hand)
 t - a ring of resist corrosion (right hand)
 w - an amulet of rage (around neck)
Wands
 g - a wand of flame (5/48)
Scrolls
 p - 9 scrolls of identify
 r - 2 scrolls of fear
 s - a scroll of remove curse
 y - 2 scrolls of enchant weapon
 z - a scroll of fog {unknown}
 A - a scroll of torment {unknown}
 B - a scroll of enchant armour
 E - a scroll of amnesia {unknown}
Potions
 a - 2 potions of curing
 k - 3 potions of flight
 l - a potion of cancellation
 C - a potion of invisibility
 D - a potion of heal wounds
Books
 b - a book of Misfortune

   Spells                             Type                      Level
   a - Confusing Touch                Hexes                        1
   b - Confuse                        Hexes                        3
   c - Gell's Gravitas                Hexes/Translocation          3
   d - Petrify                        Transmutation/Earth          4
   e - Metabolic Englaciation         Hexes/Ice                    5
   f - Yara's Violent Unravelling     Hexes/Transmutation          5
 o - a book of Misfortune

   Spells                             Type                      Level
   a - Confusing Touch                Hexes                        1
   b - Confuse                        Hexes                        3
   c - Gell's Gravitas                Hexes/Translocation          3
   d - Petrify                        Transmutation/Earth          4
   e - Metabolic Englaciation         Hexes/Ice                    5
   f - Yara's Violent Unravelling     Hexes/Transmutation          5
Miscellaneous
 e - a plain deck of summoning {drawn: 3}
 x - a legendary deck of summoning
Comestibles
 d - 6 bread rations
 i - a slice of pizza
 q - 3 meat rations
 u - a royal jelly
 v - 7 fruits
 F - 2 chunks of flesh


   Skills:
 + Level 5.2 Fighting
 * Level 9.8 Short Blades
 * Level 8.6 Armour
 + Level 0.4 Dodging
 + Level 1.0 Invocations
 + Level 2.0 Evocations


You had 8 spell levels left.
You didn't know any spells.

Dungeon Overview and Level Annotations

Branches:
Dungeon (6/15)             Temple (1/1) D:4

Altars:
Ashenzari
Dithmenos
Elyvilon
Fedhas
Gozag
Kikubaaqudgha
Nemelex Xobeh
Okawaru
Ru
Trog
Uskayaw
Vehumet
Xom
Yredelemnul
The Shining One

Annotations:
D:6 Grinder; Schimscham's ghost, novice NaWz


Innate Abilities, Weirdness & Mutations

You are small and have problems with some larger weapons.
You are somewhat resistant to further mutation.


Message History

Grinder comes into view.
Grinder shouts!
You see here a bullfrog skeleton.
Grinder gestures at you. You resist with some effort.
A worm comes into view.
The quokka bites you but does no damage.
The quokka bites you but does no damage.
The rust devil disappears in a puff of smoke!
Grinder gestures at you. Pain shoots through your body!
* * * LOW HITPOINT WARNING * * *
You closely miss the quokka. The quokka closely misses you.
You hit the quokka. You drain the quokka!
You kill the quokka!
Grinder hits you.
* * * LOW HITPOINT WARNING * * *
You writhe in agony.
You die...
Your body glows slightly and disappears.

##.....## ###......#
#....#...# .....#...#..#
###..##...### #.. ##...##
###### #.. ##...###....##
.. ##[.........##########.
#.. #......@....##.......#
##....5..........#...#
#>.........#........#
#...>......##.#._.#.###
#...........##4.........
#...........#....#......
.............รท...........
.......w....)...#........
............#...........


You could see Grinder and a worm.

Vanquished Creatures
  The ghost of Siegfriedson the Conjurer, an amateur DECj (D:4)
  2 sky beasts (D:5)
  A black bear (D:6)
  3 ogres
  A water moccasin zombie (D:6)
  A scorpion (D:6)
  6 hounds
  A centaur skeleton (D:4)
  3 jellies
  2 orc priests (D:3)
  A bullfrog skeleton (D:6)
  An iguana (D:5)
  3 worker ants
  A hound skeleton (D:4)
  A howler monkey zombie (D:5)
  2 mummies (Ossuary)
  6 gnolls
  8 adders
  A shadow imp (D:6)
  An ooze (D:3)
  4 worms
  6 leopard geckos
  13 orcs
  A ball python (D:2)
  2 giant cockroaches
  4 gnoll zombies (Ossuary)
  11 goblins
  9 hobgoblins
  4 jackals
  A quokka (D:6)
  5 bats
  5 frilled lizards
  3 gnoll skeletons (Ossuary)
  2 goblin skeletons (Ossuary)
  3 goblin zombies (Ossuary)
  A hobgoblin skeleton (Ossuary)
  3 hobgoblin zombies (Ossuary)
  12 kobolds
  A kobold skeleton (Ossuary)
  3 kobold zombies (Ossuary)
  5 orc skeletons (Ossuary)
  2 orc zombies (Ossuary)
  9 rats
  2 rat zombies (Ossuary)
157 creatures vanquished.

Vanquished Creatures (collateral kills)
  The ghost of Schimscham the Magician, an amateur NaWz (Ossuary)
  Menkaure (Ossuary)
  2 ogres
  A centaur (D:6)
  A bullfrog (D:6)
  A centaur zombie (D:6)
  A centaur skeleton (D:6)
  An iguana (D:4)
  A hound skeleton (D:6)
  2 jackals (D:6)
  A kobold zombie (Ossuary)
  An orc zombie (Ossuary)
14 creatures vanquished.

Vanquished Creatures (others)
  A wizard (D:3)
  A mummy (Ossuary)
  2 gnoll skeletons (Ossuary)
  4 goblin skeletons (Ossuary)
  3 goblin zombies (Ossuary)
  A hobgoblin skeleton (Ossuary)
  2 kobold skeletons (Ossuary)
  A kobold zombie (Ossuary)
  3 orc skeletons (Ossuary)
  An orc zombie (Ossuary)
  A rat skeleton (Ossuary)
  A rat zombie (Ossuary)
21 creatures vanquished.

Grand Total: 192 creatures vanquished

Notes
Turn   | Place    | Note
-------+----------+-------------------------------------------
     0 | D:1      | Macro the Halfling Wanderer began the quest for the Orb.
     0 | D:1      | Macro set off with: a +2 scale mail, a +0 hand axe, a +0 spear, a bread ration
     0 | D:1      | Reached XP level 1. HP: 16/16 MP: 2/2
   285 | D:1      | Reached XP level 2. HP: 22/22 MP: 3/3
   953 | D:2      | Reached XP level 3. HP: 27/27 MP: 4/4
   972 | D:2      | Reached skill level 5 in Armour
  1026 | D:2      | Reached skill level 1 in Short Blades
  1153 | D:2      | Reached XP level 4. HP: 20/33 MP: 5/5
  1305 | D:2      | Reached XP level 5. HP: 30/37 MP: 6/6
  1612 | D:3      | Reached skill level 2 in Short Blades
  1850 | D:3      | Found a faded altar of an unknown god.
  1877 | D:3      | Became a worshipper of Nemelex Xobeh the Trickster
  1877 | D:3      | Received a gift from Nemelex Xobeh
  1877 | D:3      | Reached * piety under Nemelex Xobeh
  1924 | D:3      | Reached XP level 6. HP: 38/43 MP: 7/7
  1955 | D:3      | Reached skill level 3 in Short Blades
  2286 | D:3      | Found a bloodstained altar of Trog.
  2287 | D:3      | Noticed a wizard
  2292 | D:3      | Killed a wizard
  2408 | D:4      | Noticed Siegfriedson's ghost (amateur DECj)
  2429 | D:4      | Killed Siegfriedson's ghost
  2429 | D:4      | Reached skill level 4 in Short Blades
  2455 | D:4      | Reached XP level 7. HP: 35/48 MP: 8/8
  2523 | D:4      | Found a blossoming altar of Fedhas.
  2648 | D:4      | Received a gift from Nemelex Xobeh
  2668 | D:4      | Reached skill level 5 in Short Blades
  3047 | D:4      | Found a staircase to the Ecumenical Temple.
  3060 | D:4      | Reached ** piety under Nemelex Xobeh
  3083 | Temple   | Entered the Ecumenical Temple
  3266 | D:5      | Entered Level 5 of the Dungeon
  3499 | D:5      | Reached skill level 6 in Short Blades
  3510 | D:5      | Reached XP level 8. HP: 53/54 MP: 9/9
  3817 | D:5      | Reached skill level 7 in Short Blades
  4056 | D:6      | Reached skill level 8 in Short Blades
  4093 | D:6      | Received a gift from Nemelex Xobeh
  4176 | D:6      | Found a radiant altar of Vehumet.
  4179 | D:6      | Reached XP level 9. HP: 38/60 MP: 10/10
  4204 | D:6      | Reached skill level 9 in Short Blades
  4224 | D:6      | Reached skill level 5 in Fighting
  4250 | D:6      | Reached skill level 1 in Invocations
  4323 | D:6      | Found a sand-covered staircase.
  4328 | Ossuary  | Entered an ossuary
  4686 | Ossuary  | Noticed Menkaure
  4687 | Ossuary  | Noticed Schimscham's ghost (amateur NaWz)
  4705 | Ossuary  | Killed Menkaure
  4720 | Ossuary  | Killed Schimscham's ghost
  4872 | D:6      | Noticed Schimscham's ghost (novice NaWz)
  4931 | D:6      | Noticed a rust devil
  5028 | D:6      | Noticed Grinder
  5042 | D:6      | Slain by Grinder

Skill      XL: |  1  2  3  4  5  6  7  8  9 |
---------------+----------------------------+-----
Armour         | 5 6 7 8 |  8.6
Short Blades   | 1 2 4 6 8 9 |  9.8
Fighting       | 4 5 |  5.2
Invocations    | 1 |  1.0
Dodging        | |  0.4
Evocations     | |  2.0

Action                   |  1- 3 |  4- 6 |  7- 9 || total
-------------------------+-------+-------+-------++-------
Melee: Short sword       |   111 |       |       ||   111
       Hand axe          |     2 |       |       ||     2
       Dagger            |    20 |   195 |   533 ||   748
Evoke: Deck              |       |     1 |     7 ||     8
  Use: Potion            |     1 |       |     9 ||    10
       Scroll            |       |     6 |     2 ||     8
  Eat: Chunk             |     1 |     4 |     8 ||    13
Armor: Scale mail        |     8 |       |       ||     8
       Plate armour      |    76 |   123 |   262 ||   461
Dodge: Dodged            |    49 |    48 |   158 ||   255
